 Dungeon Crawl Stone Soup version 0.30-a0-161-gdd60e06945 (webtiles) character file.

Game seed: 12589414346432340968

92 qw the Chopper (level 4, -1/28 HPs)
             Began as a Gargoyle Fighter on Sept 27, 2022.
             Killed by divine providence
             ... invoked by an orc priest
              (11 damage)
             ... on level 3 of the Dungeon.
             The game lasted 00:00:36 (1870 turns).

qw the Chopper (Gargoyle Fighter)                   Turns: 1870, Time: 00:00:36

Health: -1/28      AC: 10    Str: 21    XL:     4   Next: 60%
Magic:  4/4        EV:  9    Int:  9    God:
Gold:   125        SH:  4    Dex:  9    Spells: 3/3 levels left

rFire   . . .      SeeInvis .    Y - +3 war axe
rCold   . . .      Faith    .    c - +0 buckler
rNeg    + . .      Spirit   .    b - +0 scale mail
rPois   inf        Reflect  .    (no helmet)
rElec   +          Harm     .    (no cloak)
rCorr   .          Rampage  .    (no gloves)
Will    .....                    (no boots)
Stlth   ..........               (no amulet)
HPRegen 0.09/turn                (no ring)
MPRegen 0.09/turn                (no ring)

@: no status effects
A: sickness immunity, AC +3, negative energy resistance 1, electricity
resistance, torment resistance 1, petrification resistance
a: no special abilities


You were on level 3 of the Dungeon.
You visited 1 branch of the dungeon, and saw 3 of its levels.

You collected 125 gold pieces.


Innate Abilities, Weirdness & Mutations

You are immune to sickness and miasma.
Your stone body is resilient. (AC +3)
You are immune to poison.
You resist negative energy. (rN+)
You are resistant to electric shocks. (rElec)
You are resistant to unholy torment.
You are immune to petrification.


   Skills:
 - Level 3.2 Fighting
 + Level 4.0 Axes
 - Level 1.0 Throwing
 - Level 3.2 Armour
 - Level 3.2 Shields


You had 3 spell levels left.
You didn't know any spells.
Your spell library was empty.

Inventory:

Hand Weapons
 g - a +0 whip
 Y - a +3 war axe (weapon)
Armour
 b - a +0 scale mail (worn)
 c - a +0 buckler (worn)
Potions
 d - a potion of might
 h - a potion of heal wounds {unknown}
 i - a potion of ambrosia {unknown}
 j - a potion of attraction

Dungeon Overview and Level Annotations

Branches:
Dungeon (3/15)

Altars:


Message History

Ijyb hits you but does no damage.
You closely miss Ijyb.
Ijyb is moderately wounded.
You barely miss the orc. Ijyb hits you but does no damage.
The orc barely misses you.
You closely miss Ijyb.
Ijyb is moderately wounded.
You closely miss the orc. Ijyb hits you but does no damage.
The orc hits you but does no damage.
You slash Ijyb!
Ijyb is severely wounded.
You closely miss something. You closely miss the orc.
Ijyb hits you but does no damage. The orc hits you but does no damage.
You block something's attack. Ijyb hits you but does no damage.
Something hits you but does no damage. The orc barely misses you.
You hit Ijyb but do no damage.
Ijyb is severely wounded.
You hit the orc. You closely miss something. Ijyb hits you with a +0 dagger.
Something hits you but does no damage. The orc hits you but does no damage.
You slash Ijyb!
You kill Ijyb!
You barely miss the orc. You slash something! You block the orc's attack.
Something hits you but does no damage. The orc hits you but does no damage.
Your Axes skill increases to level 4!
You hit the orc.
You kill the orc!
You barely miss something. Something hits you but does no damage.
You feel less wooden.
Your +0 scale mail unmelds from your body.
The orc priest invokes the aid of Beogh against you.
Beogh smites you! You block something's attack.
The orc priest hits you with a +0 club. You block something's attack.
You barely miss the orc priest. You miss something.
Something hits you but does no damage.
The orc priest mumbles some strange prayers to Beogh against you.
Beogh smites you!
You die...

.## ##### .... ....#
...######..(.. .... #.
#............
....##.###............
....................#
...............o....#
............))@....(#
.............)...)$(..
....................##
.......<............#
.............[#######
....(........##
#.....#.....##
#############


You could see an orc priest.

Vanquished Creatures
  Ijyb (D:3)
  3 adders (D:2)
  2 orcs (D:3)
  2 ball pythons (D:1)
  5 endoplasms
  4 giant cockroaches
  7 goblins
  A jackal (D:2)
  2 quokkas (D:1)
  3 bats (D:1)
  2 frilled lizards (D:1)
  A kobold (D:1)
  A rat (D:1)
34 creatures vanquished.

Notes
Turn   | Place    | Note
-------+----------+-------------------------------------------
     0 | D:1      | qw the Gargoyle Fighter began the quest for the Orb.
     0 | D:1      | Reached XP level 1. HP: 14/14 MP: 1/1
     0 | D:1      | 0 ||| qw: Version: 0.2-a-10-g37ed214
     0 | D:1      | 0 ||| qw: Game counter: 697
     0 | D:1      | 0 ||| qw: Always use a shield: true
     0 | D:1      | 0 ||| qw: God list: Okawaru
     0 | D:1      | 0 ||| qw: Allow faded altars: false
     0 | D:1      | 0 ||| qw: Do Orc after D:15 true
     0 | D:1      | 0 ||| qw: Do second Lair branch before Depths: true
     0 | D:1      | 0 ||| qw: Lair rune preference: random
     0 | D:1      | 0 ||| qw: Plans: Normal, Zot:1-4, God:TSO, Crypt, Tomb,
                  | Pan, Slime:5, Hells, Abyss, Orb
     0 | D:1      | 0 ||| PLANNING D:1-11
    18 | D:1      | Reached skill level 2 in Axes
   129 | D:1      | Reached XP level 2. HP: 19/19 MP: 2/2
   221 | D:1      | 221 ||| DROPPING +0 club.
   674 | D:1      | Reached skill level 3 in Axes
   955 | D:1      | Reached XP level 3. HP: 23/23 MP: 3/3
   956 | D:1      | 956 ||| READING scroll labelled NEGUAGR NIESIC.
   957 | D:1      | 957 ||| READING scroll labelled ZITALU IKHYUM.
   958 | D:1      | 958 ||| READING scroll labelled GOIKEOREKH.
   959 | D:1      | 959 ||| DRINKING 2 green potions.
   960 | D:1      | 960 ||| DRINKING 2 fuming dark potions.
   961 | D:1      | 961 ||| DROPPING potion of flight.
  1025 | D:2      | 1025 ||| Stepping ~*~*~tactically~*~*~ (stealth).
  1027 | D:2      | 1027 ||| Stepping ~*~*~tactically~*~*~ (stealth).
  1548 | D:2      | Reached skill level 1 in Throwing
  1677 | D:2      | Reached XP level 4. HP: 23/28 MP: 4/4
  1788 | D:2      | Found a faded altar of an unknown god.
  1798 | D:2      | 1798 ||| DROPPING +6 ring of intelligence.
  1799 | D:2      | 1799 ||| READING 3 scrolls labelled MYEJ VAURITER.
  1800 | D:2      | 1800 ||| READING 3 scrolls labelled ILASYEPUCOT.
  1801 | D:2      | 1801 ||| READING 2 scrolls of enchant weapon.
  1801 | D:2      | 1801 ||| ENCHANTING +1 war axe.
  1802 | D:2      | 1802 ||| READING scroll of enchant weapon.
  1802 | D:2      | 1802 ||| ENCHANTING +2 war axe.
  1803 | D:2      | 1803 ||| READING scroll labelled HEITAR TIOTETU.
  1807 | D:2      | 1807 ||| DROPPING 2 scrolls of immolation.
  1852 | D:3      | Noticed Ijyb
  1866 | D:3      | Killed Ijyb
  1867 | D:3      | Reached skill level 4 in Axes
  1870 | D:3      | Killed from afar by an orc priest

Levels and vault maps discovered:
D:1:      amcnicky_arrival_single_pillar, layout_loops_cross
D:2:      minmay_alternating_diamond, layout_basic,
          hellmonk_ecumenical_altar_arch_garden, hex_large
D:3:      layout_rooms, grunt_temple_overflow_forces_of_nature, uniq_ijyb

Skill      XL: |  1  2  3  4 |
---------------+-------------+-----
Axes           | 2 3 4 |  4.0
Throwing       | 1 |  1.0
Fighting       | |  3.2
Armour         | |  3.2
Shields        | |  3.2

Action                   |  1- 3 |  4- 6 || total
-------------------------+-------+-------++-------
Melee: War axe           |    97 |    12 ||   109
Throw: Javelin           |     2 |     3 ||     5
  Use: Scroll            |     3 |     5 ||     8
       Potion            |     2 |       ||     2
Armor: Scale mail        |    59 |     2 ||    61
       Skin              |       |    14 ||    14
Dodge: Dodged            |    45 |     2 ||    47
Block: Buckler           |    21 |     5 ||    26

Table legend:
 A = Non-vault XP
 B = Vault XP
 C = Vault XP percentage of total XP
 D = Non-vault monster count
 E = Vault monster count
 F = Vault count percentage of total count
                 A         B        C        D         E       F
            +---------+---------+-------+---------+---------+-------
      Total |      64 |      68 |  51.5 |      28 |       6 |  17.6
            +---------+---------+-------+---------+---------+-------
        D:1 |      34 |       0 |   0.0 |      20 |       0 |   0.0
        D:2 |      22 |      32 |  59.3 |       5 |       5 |  50.0
        D:3 |       8 |      36 |  81.8 |       3 |       1 |  25.0
            +---------+---------+-------+---------+---------+-------
